Map: [ESL] Inside and Out

Players

Botvinnik - Winner!

  • Race: Terran Terran
  • Spawn Location: 7:00

PappiJoe

  • Race: Protoss Protoss
  • Spawn Location: 1:00

Event: DreamHack SC2 Masters 2022 Valencia

VOD

Have the link to the VOD?

Description

Time

  • Played on: July 1, 2022, 10:21 a.m.
  • Length: 8:26

All games in this series

Show
View Real Time Build Order
Export as new Build Order

Botvinnik Terran - Winner!

Build Orders:  

Get SALT Encoding   

  12  0:00  SCV  
  13  0:12  SCV  
  14  0:19  Supply Depot  
  14  0:24  SCV  
  15  0:42  Barracks  
  15  0:46  Refinery, SCV  
  16  0:58  SCV  
  16  0:59  Refinery  
  17  1:10  SCV  
  18  1:22  SCV  
  19  1:28  Reaper  
  20  1:34  Orbital Command  
  20  1:41  Supply Depot  
  20  1:48  Factory  
  20  1:59  Bunker  
  20  2:01  SCV, Reaper  
  22  2:13  SCV  
  23  2:25  SCV  
  24  2:34  Starport, Widow Mine  
  26  2:38  SCV  
  27  2:50  SCV  
  28  2:55  Supply Depot, Widow Mine  
  30  3:02  SCV  
  31  3:16  Medivac  
  33  3:24  Widow Mine  
  35  3:29  Command Center  
  35  3:35  SCV  
  36  3:47  SCV  
  37  3:51  Factory Tech Lab  
  37  3:52  Barracks Reactor  
  37  3:59  SCV  
  37  4:05  Barracks  
  37  4:06  Starport Tech Lab  
  37  4:07  Barracks  
  37  4:11  SCV  
  38  4:17  Supply Depot  
  38  4:35  Marine  
  39  4:39  SCV, Siege Tank, Marine  
  43  4:46  Orbital Command  
  43  4:51  SCV  
  44  4:53  Engineering Bay, Marine  
  44  4:54  Barracks Tech Lab, Starport Reactor  
  44  4:56  Marine  
  44  4:58  Supply Depot  
  44  5:03  SCV, Stimpack  
  44  5:04  Marauder  
  47  5:13  Marine  
  49  5:14  Marine  
  49  5:15  SCV  
  49  5:17  SCV  
  49  5:20  Supply Depot  
  50  5:22  Terran Infantry Weapons Level 1  
  50  5:26  Siege Tank  
  50  5:27  SCV  
  53  5:29  SCV  
  53  5:30  Combat Shield  
  54  5:36  Marine x4  
  54  5:40  SCV  
  54  5:41  SCV  
  60  5:51  Refinery  
  60  5:53  Refinery, SCV x2  
  60  5:56  Supply Depot  
  62  6:01  Marine x2  
  62  6:03  Marauder  
  66  6:04  Marauder  
  66  6:05  SCV x2  
  70  6:11  Supply Depot, Medivac  
  70  6:13  Medivac  
  74  6:21  Marine x2  
  76  6:28  Marauder x2  
  76  6:30  SCV x2  
  82  6:33  Supply Depot  
  82  6:41  Medivac  
  82  6:43  Marine x2, Medivac  
  88  6:49  Marauder x2  
  92  7:00  Concussive Shells  
  92  7:01  Marine x2  
  92  7:07  SCV x2, Command Center  
  96  7:10  Supply Depot  
  96  7:21  Marine, Marauder  
  96  7:22  Marine, Marauder  
  97  7:38  SCV x2, Marine  
  97  7:40  Marine  
  97  7:42  Marauder  
  97  7:44  Marauder  
  105  7:45  Medivac  
  105  7:46  Barracks x2  
  105  7:49  Medivac  
  105  7:50  Supply Depot  
  109  7:52  Factory Reactor  
  109  7:56  Marine  
  110  8:01  Marine  
Show
View Real Time Build Order
Export as new Build Order

PappiJoe Protoss 

Build Orders: 1 Gate Expand, Phoenix Opening, Colossus Rush 

Get SALT Encoding   

  12  0:00  Probe  
  13  0:12  Probe  
  14  0:18  Pylon  
  14  0:24  Probe  
  14  0:27  Assimilator  
  15  0:36  Probe (Chrono Boost)  
  15  0:41  Gateway  
  16  0:48  Probe (Chrono Boost)  
  17  0:54  Probe (Chrono Boost)  
  18  1:03  Probe  
  19  1:15  Probe  
  20  1:21  Nexus  
  20  1:30  Cybernetics Core  
  20  1:34  Probe  
  20  1:39  Assimilator  
  21  1:46  Probe  
  22  1:49  Pylon  
  22  1:58  Probe  
  23  2:04  Stalker (Chrono Boost)  
  23  2:07  Warp Gate  
  25  2:10  Shield Battery  
  25  2:12  Probe  
  25  2:24  Probe  
  25  2:29  Stalker  
  28  2:35  Probe  
  28  2:36  Probe  
  30  2:46  Shield Battery  
  30  2:47  Probe  
  30  2:49  Probe  
  31  2:59  Sentry, Probe  
  31  3:01  Probe  
  35  3:10  Robotics Facility  
  35  3:12  Probe  
  36  3:17  Probe  
  37  3:24  Probe  
  37  3:26  Sentry  
  40  3:29  Probe  
  41  3:36  Probe  
  41  3:37  Phoenix  
  41  3:38  Gateway  
  42  3:41  Probe  
  42  3:43  Gateway  
  43  3:49  Probe  
  43  3:53  Pylon  
  43  3:54  Probe  
  45  4:01  Probe  
  46  4:09  Pylon  
  46  4:11  Probe  
  46  4:12  Observer  
  46  4:13  Probe  
  49  4:21  Nexus  
  49  4:22  Pylon  
  49  4:23  Probe  
  50  4:27  Robotics Bay  
  50  4:30  Probe  
  51  4:35  Probe  
  43  4:42  Probe  
  44  4:47  Probe  
  43  4:54  Probe  
  43  4:59  Probe  
  45  5:06  Probe  
  45  5:11  Probe  
  44  5:18  Probe (Chrono Boost)  
  45  5:24  Probe (Chrono Boost)  
  45  5:25  Twilight Council  
  45  5:27  Shield Battery  
  46  5:30  Probe (Chrono Boost)  
  46  5:32  Assimilator  
  46  5:33  Probe (Chrono Boost)  
  48  5:35  Probe (Chrono Boost)  
  48  5:36  Assimilator  
  48  5:38  Probe (Chrono Boost)  
  48  5:41  Colossus (Chrono Boost)  
  50  5:45  Probe x2  
  58  5:50  Probe  
  60  5:57  Probe x2  
  60  5:58  Pylon  
  60  6:02  Probe  
  52  6:04  Charge  
  62  6:08  Forge  
  62  6:09  Probe  
  62  6:10  Probe  
  64  6:13  Pylon  
  64  6:14  Probe  
  65  6:21  Probe  
  65  6:27  Stalker  
  65  6:28  Probe  
  65  6:32  Probe  
  69  6:33  Probe  
  69  6:34  Colossus (Chrono Boost)  
  76  6:40  Probe  
  76  6:44  Probe  
  76  6:46  Pylon  
  78  6:48  Probe  
  78  6:52  Probe  
  80  6:56  Probe  
  80  6:58  Assimilator  
  80  7:00  Probe  
  82  7:02  Assimilator  
  82  7:04  Probe  
  84  7:08  Probe  
  84  7:10  Sentry  
  85  7:21  Stalker  
  85  7:22  Stalker  
  79  7:33  Probe x2  
  74  7:41  Stalker  
  76  7:50  Gateway  
  76  7:51  Probe x2, Gateway  
  78  7:54  Shield Battery, Gateway  
  78  8:01  Stalker x2  
  82  8:09  Zealot  

Tags
 
Add a new tag
Caveats
  • Supply blocks, unpowered buildings, or Contaminate may cause inaccurate times.
  • Supply counts are checked every 10 seconds.